 Dungeon Crawl Stone Soup version 0.26-a0-854-gdc81c2f471 (webtiles) character file.

Game seed: 11812512162727340579

1 Descartes the Sneak (level 1, 0/10 HPs)
             Began as a Felid Delver on Nov 22, 2020.
             Slain by Purgy (2 damage)
             ... in a sewer.
             The game lasted 00:00:15 (34 turns).

Descartes the Sneak (Felid Delver)                    Turns: 34, Time: 00:00:16

Health: 0/10       AC:  1    Str:  8    XL:     1   Next: 16%
Magic:  2/2        EV: 18    Int: 11    God:
Gold:   11         SH:  0    Dex: 17    Spells: 0/0 levels left
                                        Lives:  0   Deaths: 0

rFire    . . .     SeeInvis +     - Unarmed
rCold    . . .     Faith    .   (shield unavailable)
rNeg     . . .     Spirit   .   (armour unavailable)
rPois    .         Reflect  .   (helmet unavailable)
rElec    .         Harm     .   (cloak unavailable)
rCorr    .         Rampage  .   (gloves unavailable)
MR       .....                  (boots unavailable)
Stlth    ++++......             (no amulet)
HPRegen  0.03/turn              (no ring)
MPRegen  0.08/turn              (no ring)

@: quick
A: very small, no armour, no weapons or thrown items, stealth, claws 1, fangs 3,
see invisible, speed 1, shaggy fur 1, sharp paws
a: no special abilities


You were in a sewer.
You visited 1 branch of the dungeon, and saw 1 of its levels.
You also visited: Sewer.

You collected 11 gold pieces.

Inventory:

Wands
 e - a wand of digging (3)
Scrolls
 a - a scroll of fog
 b - a scroll of magic mapping
 c - a scroll of fear
 f - a scroll of blinking {unknown}
Potions
 d - a potion of haste


   Skills:
 - Level 3.0 Fighting
 - Level 2.6 Dodging
 + Level 6.7 Stealth
 - Level 2.0 Unarmed Combat


You couldn't memorise any spells.
You didn't know any spells.
Your spell library was empty.

Dungeon Overview and Level Annotations

Branches:
Dungeon (5/15)              Sewer (1/1)
 Temple: D:4-7

Altars:

Annotations:
Sewer Purgy


Innate Abilities, Weirdness & Mutations

You cannot wear armour.
You are incapable of wielding weapons or throwing items.
Your paws allow you to move quietly. (Stealth)
You have sharp claws.
You have razor-sharp teeth.
You have supernaturally acute eyesight. (SInv)
You cover ground quickly.
You are covered in fur. (AC +1)
Your sharp claws are effective at attacking unaware monsters.


Message History

There is an open door here.
The helpless Purgy fails to defend himself.
You mangle Purgy!!
Purgy is severely wounded.
Purgy barely misses you. Purgy claws you. Purgy completely misses you.
You barely miss Purgy.
Purgy is severely wounded.
Purgy closely misses you. Purgy claws you. x2
You barely miss Purgy. You claw Purgy.
Purgy is severely wounded.
You closely miss Purgy. You claw Purgy, but do no damage.
Purgy is severely wounded.
Purgy looks around nervously.
Purgy bites you.
* * * LOW HITPOINT WARNING * * *
Purgy barely misses you. Purgy misses you.
You barely miss Purgy.
Purgy is severely wounded.
Purgy misses you. Purgy claws you but does no damage. Purgy claws you.
You die...

###### #.##.#
#.##T#
#+##+##'##@##+##+
.................#
≈≈≈≈≈≈≈.≈≈≈≈≈≈≈≈≈#
≈≈≈≈≈≈≈∩≈≈≈≈≈≈≈≈≈#
≈≈≈≈≈≈≈.≈≈≈≈≈≈≈≈≈#
.................#
#+##+##.##+##+##+#
#.# #∩#


You could see Purgy.

Vanquished Creatures
  A ball python (D:5)
  A rat (D:5)
2 creatures vanquished.

Notes
Turn   | Place    | Note
-------+----------+-------------------------------------------
     0 | D:5      | Descartes the Felid Delver began the quest for the Orb.
     0 | D:5      | Reached XP level 1. HP: 10/10 MP: 2/2
     3 | D:5      | Found a glowing drain.
    16 | Sewer    | Entered a sewer
    28 | Sewer    | Noticed Purgy
    34 | Sewer    | Slain by Purgy

Illustrated notes

Levels and vault maps discovered:
D:5:      minmay_octagon_keep, layout_basic, portal_sewer_entry_b
Sewer:    kennysheep_door_sewer

Action                   || total
-------------------------++-------
Melee: Unarmed           ||     9
       Punch             ||     2
 Stab: Sleeping          ||     1
Armor: Skin              ||     2
Dodge: Dodged            ||    11

Table legend: (Time is in decaauts)
 A = Elapsed time spent in this place.
 B = Non-inter-level travel time spent in this place.
 C = Inter-level travel time spent in this place.
 D = Time resting spent in this place.
 E = Time spent auto-exploring this place.
 F = Levels seen in this place.
 G = Mean time per level.
                   A        B        C        D        E       F      G
               +--------+--------+--------+--------+--------+-----+--------+
         Total |     32 |     32 |      0 |      0 |      8 |   2 |   16.0 |
       Dungeon |     16 |     16 |      0 |      0 |      0 |   1 |   16.0 |
         Sewer |     15 |     15 |      0 |      0 |      8 |   1 |   15.0 |
               +--------+--------+--------+--------+--------+-----+--------+

Top non-repeatable levels by time:
     D:5: 16 daAuts
   Sewer: 15 daAuts
